 Dungeon Crawl Stone Soup version 0.30-a0-445-g92f4fb2d71 (webtiles) character file.

Game seed: 12413763607816232931

5233 Conn the Firebug (level 10, -13/57 HPs)
             Began as an Octopode Fire Elementalist on Dec 11, 2022.
             Was a Priest of Sif Muna.
             Mangled by a komodo dragon (26 damage)
             ... on level 8 of the Dungeon.
             The game lasted 00:32:49 (10117 turns).

Conn the Firebug (Octopode Fire Elementalist)      Turns: 10117, Time: 00:32:50

Health: -13/57     AC:  8    Str:  8    XL:     10   Next: 61%
Magic:  16/20      EV: 13    Int: 22    God:    Sif Muna [***...]
Gold:   297        SH:  0    Dex: 12    Spells: 1/23 levels left

rFire   . . .      SeeInvis .    b - +3 dagger (protect)
rCold   . . .      Faith    .    (no shield)
rNeg    . . .      Spirit   .    (helmet restricted)
rPois   .          Reflect  .    (no amulet)
rElec   .          Harm     .    t - ring of willpower
rCorr   +          Rampage  .    v - ring of resist corrosion
Will    +....                    (no ring)
Stlth   ++++......               (no ring)
HPRegen 0.29/turn                (no ring)
MPRegen 0.17/turn                (no ring)
                                 (no ring)
                                 (no ring)

@: under a protective aura
A: almost no armour, amphibious, 8 rings, camouflage 1, gelatinous body 1,
(nimble swimmer 1), tentacles
a: Renounce Religion, Channel Magic, Forget Spell


You were on level 8 of the Dungeon.
You worshipped Sif Muna.
Sif Muna was most pleased with you.
You visited 2 branches of the dungeon, and saw 9 of its levels.
You also visited: Ossuary.

You collected 394 gold pieces.
You spent 97 gold pieces at shops.

Inventory:

Hand Weapons
 b - a +3 dagger of protection (weapon)
 c - a +0 dagger
 g - a +4 short sword
Missiles
 x - 3 boomerangs of dispersal
 E - a throwing net
Armour
 q - a +1 buckler
Magical Staves
 D - a staff of earth
Jewellery
 t - a ring of willpower (left tentacle)
 v - a ring of resist corrosion (right tentacle)
Wands
 l - a wand of roots (11)
 p - a wand of quicksilver (3)
 C - a wand of paralysis (2)
Scrolls
 d - 2 scrolls of blinking
 f - a scroll of magic mapping
 j - 4 scrolls of teleportation
 k - 2 scrolls of immolation
 r - a scroll of fog {unknown}
 s - a scroll of torment {unknown}
 u - a scroll of noise {unknown}
 y - a scroll of fear
 z - a scroll of enchant armour
 B - a scroll of poison
Potions
 a - 3 potions of magic
 e - a potion of lignification
 h - 2 potions of mutation
 i - a potion of flight
 m - 3 potions of might
 n - 3 potions of heal wounds
 o - 4 potions of attraction
 w - 2 potions of brilliance
 A - a potion of curing {unknown}


   Skills:
 + Level 0.8 Fighting
 + Level 3.1 Short Blades
 + Level 3.2 Dodging
 + Level 4.4 Stealth
 + Level 7.0 Spellcasting
 * Level 6.3 Conjurations
 * Level 3.5 Hexes
 * Level 3.2 Translocations
 + Level 7.7 Fire Magic
 * Level 3.0 Air Magic
 + Level 0.2 Poison Magic
 * Level 5.6 Invocations
 + Level 0.5 Evocations


You had one spell level left.
You knew the following spells:

 Your Spells              Type           Power      Damage    Failure   Level
a - Foxfire               Conj/Fire      100%       2x1d9     1%          1
b - Kindle Blastsparks    Fire/Tloc/Air  56%        2d14      3%          3
c - Inner Flame           Hex/Fire       32%        N/A       2%          3
d - Flame Wave            Conj/Fire      38%        2d10      4%          4
e - Scorch                Fire           82%        2d9       1%          2
f - Mephitic Cloud        Conj/Pois/Air  21%        N/A       7%          3
g - Swiftness             Air            21%        N/A       7%          3
h - Ignite Poison         Fire/Tmut/Pois 19%        N/A       9%          3

Your spell library contained the following spells:

 Spells                   Type           Power      Damage    Failure   Level
 Slow                     Hex            92%        N/A       1%          1
 Beastly Appendage        Tmut           14%        N/A       9%          1
 Ensorcelled Hibernation  Hex/Ice        30%        N/A       6%          2
 Poisonous Vapours        Pois/Air       28%        N/A       6%          2
 Confusing Touch          Hex            23%        N/A       6%          3
 Cigotuvi's Dreadful Rot  Necr/Pois/Air  24%        N/A       8%          2
 Passwall                 Tmut/Erth      5%         N/A       12%         2
 Wereblood                Tmut           7%         N/A       12%         2
 Spider Form              Tmut/Pois      8%         N/A       24%         3
 Vampiric Draining        Necr           7%         2d6       24%         3
 Freezing Cloud           Conj/Ice/Air   10%        6-21      54%         5


Dungeon Overview and Level Annotations

Branches:
Dungeon (8/15)             Temple (1/1) D:5         Ossuary (visited)
   Lair: D:8-11

Altars:
Ashenzari
Cheibriados
Dithmenos
Elyvilon
Fedhas
Gozag
Hepliaklqana
Kikubaaqudgha
Makhleb
Nemelex Xobeh
Qazlal
Ru
Sif Muna
Trog
Uskayaw
Vehumet
Wu Jian
Xom
Yredelemnul
Zin
The Shining One

Shops:
D:2 ?[   D:6 ?==


Innate Abilities, Weirdness & Mutations

You cannot wear most types of armour.
You are amphibious.
You can wear up to eight rings at the same time.
Your skin changes colour to match your surroundings (Stealth+).
Your rubbery body absorbs attacks. (AC +1, EV +1)
((You are camouflaged when in or above water. (Stealth+)))
You have tentacles for arms and can constrict up to eight enemies at once.


Message History

Your foxfire dissipates! x3
Your magical contamination has completely faded away.
HP restored.
Magic restored.
w - 2 potions of brilliance (gained 1)
Things that are here:
a +0 ring mail; a +0 whip; an orc corpse
There is an open door here.
Found a leather armour.
Found a potion of mutation.
You see here a +0 pair of boots.
You see here a +0 leather armour.
h - 2 potions of mutation (gained 1) As you open the door, it creaks loudly!
There is an open door here.
Found a robe.
Found an escape hatch in the ceiling.
There is an escape hatch in the ceiling here.
A komodo dragon comes into view.
The komodo dragon hisses angrily.
The komodo dragon bites you!
You closely miss the komodo dragon. The komodo dragon bites you!
You hit the komodo dragon but do no damage.
Your weapon exudes an aura of protection.
The komodo dragon bites you!
Casting: Foxfire (safe; 1% risk of failure)
Confirm with . or Enter, or press ? or * to list all spells.
Casting: Flame Wave (dangerous; 4% risk of failure)
Press: ? - help, Dir - look around, f - activate A wave of flame ripples out!
The flame wave engulfs the komodo dragon!
The komodo dragon is moderately wounded. (Press . to intensify the flame waves.)
You hear an angry hiss.
The komodo dragon bites you!
* * * LOW HITPOINT WARNING * * *
As you read the scroll of fear, it crumbles to dust.
You assume a fearsome visage.
The komodo dragon resists with some effort.
The komodo dragon bites you!!
You die...

############...###+####
#.........#..
######....#.. #<..[#..
#....#.. .. ####
#....#.. #..###
#..######.#..#.
#..l###.........#####
#@..########## ####.#
##


You could see a komodo dragon.

Vanquished Creatures
  A two-headed ogre (D:8)
  The ghost of tensugalgo the Conjurer, a novice GrCj of Ashenzari (D:7)
  The ghost of voshxx the Summoner, a novice OpSu (D:7)
  A hornet (D:5)
  2 water moccasins (D:5)
  4 orc warriors
  An ice beast (D:6)
  A sky beast (D:7)
  A centaur (D:5)
  2 elf zombies (Ossuary)
  5 bullfrogs
  2 gnoll sergeants (D:8)
  2 necrophages
  A scorpion (D:5)
  8 wights
  4 killer bees (D:7)
  A howler monkey (D:8)
  8 orc priests
  3 hounds
  3 human zombies (Ossuary)
  2 jellies
  An iguana (D:6)
  Ijyb (D:4)
  16 orc wizards
  Natasha (thrice) (D:4)
  2 mummies (Ossuary)
  Robin (D:3)
  9 adders
  14 gnolls
  A shadow imp (D:6)
  2 ufetubi
  An adder zombie (Ossuary)
  3 worms
  4 dart slugs
  44 orcs
  8 endoplasms
  A giant cockroach (D:3)
  17 goblins
  5 hobgoblins
  8 ball pythons
  6 bats
  8 frilled lizards
  A goblin zombie (Ossuary)
  7 hobgoblin zombies (Ossuary)
  2 jackal zombies (Ossuary)
  5 kobolds
  14 kobold zombies (Ossuary)
  5 orc zombies (Ossuary)
  3 rats
  2 rat zombies (Ossuary)
248 creatures vanquished.

Vanquished Creatures (others)
  825 foxfires
  4 withered plants (D:7)
829 creatures vanquished.

Grand Total: 1077 creatures vanquished

Notes
Turn   | Place    | Note
-------+----------+-------------------------------------------
     0 | D:1      | Conn the Octopode Fire Elementalist began the quest for the
                  | Orb.
     0 | D:1      | Reached XP level 1. HP: 11/11 MP: 3/3
   303 | D:1      | Reached XP level 2. HP: 17/17 MP: 0/5
  1222 | D:2      | Reached XP level 3. HP: 21/21 MP: 1/6
  1225 | D:2      | Learned a level 2 spell: Scorch
  1231 | D:2      | Learned a level 3 spell: Kindle Blastsparks
  1323 | D:2      | Found Fuabaet's Armour Emporium.
  1656 | D:2      | Found Iboaw's Magic Scroll Boutique.
  1667 | D:2      | Bought a scroll of blinking for 97 gold pieces
  2017 | D:3      | Reached XP level 4. HP: 25/27 MP: 7/7
  2120 | D:3      | Noticed Robin
  2206 | D:3      | Killed Robin
  2415 | D:3      | Found a broken altar of Ashenzari.
  2528 | D:3      | Reached XP level 5. HP: 31/31 MP: 5/9
  2853 | D:3      | Found a faded altar of an unknown god.
  3117 | D:3      | Learned a level 3 spell: Inner Flame
  3167 | D:4      | Reached skill level 1 in Short Blades
  3269 | D:4      | Reached XP level 6. HP: 36/36 MP: 3/11
  3937 | D:4      | Noticed Natasha
  3940 | D:4      | Noticed Ijyb
  3946 | D:4      | Killed Natasha
  3947 | D:4      | Reached XP level 7. HP: 15/41 MP: 7/13
  3958 | D:4      | Noticed Natasha
  3967 | D:4      | Killed Ijyb
  3969 | D:4      | Killed Natasha
  4404 | D:4      | Noticed Natasha
  4407 | D:4      | Killed Natasha
  4497 | D:5      | Entered Level 5 of the Dungeon
  4560 | D:5      | Found a staircase to the Ecumenical Temple.
  4567 | Temple   | Entered the Ecumenical Temple
  4573 | Temple   | Became a worshipper of Sif Muna the Loreminder
  4774 | D:5      | Noticed a hornet
  4781 | D:5      | Killed a hornet
  4782 | D:5      | Reached skill level 5 in Fire Magic
  4782 | D:5      | Reached skill level 1 in Invocations
  4842 | D:5      | Reached XP level 8. HP: 46/46 MP: 3/15
  5407 | D:5      | Reached skill level 5 in Spellcasting
  5620 | D:5      | Reached skill level 5 in Conjurations
  5998 | D:6      | Found Zuoh's Jewellery Shoppe.
  6151 | D:6      | Reached * piety under Sif Muna
  6178 | D:6      | Found a sacrificial altar of Ru.
  6188 | D:6      | Found a sand-covered staircase.
  6193 | Ossuary  | Entered an ossuary
  6805 | Ossuary  | Reached ** piety under Sif Muna
  6814 | Ossuary  | Reached XP level 9. HP: 45/52 MP: 1/17
  6988 | D:6      | Found Raneduh's Magic Scroll Emporium.
  7240 | D:6      | Found Zusoa's Jewellery Shoppe.
  7349 | D:6      | Learned a level 4 spell: Flame Wave
  7353 | D:6      | Learned a level 3 spell: Mephitic Cloud
  7357 | D:6      | Learned a level 3 spell: Swiftness
  7666 | D:7      | Found a runed translucent gate.
  7666 | D:7      | Found a runed translucent gate.
  7666 | D:7      | Found a runed translucent gate.
  7667 | D:7      | Noticed tensugalgo's ghost (novice GrCj)
  7667 | D:7      | Noticed voshxx's ghost (novice OpSu)
  7804 | D:7      | Reached skill level 1 in Translocations
  7963 | D:7      | Reached skill level 1 in Hexes
  8199 | D:7      | Reached skill level 1 in Air Magic
  8284 | D:7      | Killed voshxx's ghost
  8301 | D:7      | Killed tensugalgo's ghost
  8302 | D:7      | Reached XP level 10. HP: 17/57 MP: 0/20
  8688 | D:7      | Reached skill level 5 in Invocations
  8736 | D:7      | Reached *** piety under Sif Muna
  8870 | D:7      | Learned a level 3 spell: Ignite Poison
  9108 | D:8      | Found a shadowy altar of Dithmenos.
  9129 | D:8      | Noticed a two-headed ogre
  9310 | D:8      | Killed a two-headed ogre
 10117 | D:8      | Mangled by a komodo dragon

Illustrated notes

Levels and vault maps discovered:
D:1:      minmay_arrival_semitransparent, layout_basic
D:2:      layout_rooms, serial_shops, shop, shop
D:3:      layout_basic, mainiacjoe_overflow_24_doors,
          hellmonk_ecumenical_altar_zigzags, uniq_robin
D:4:      layout_cave_pools, uniq_ijyb, uniq_natasha
D:5:      layout_loops_ring, minmay_temple_entry_trees,
          amcnicky_mini_pool_small, eino_tiny_chamber
D:6:      layout_loops_ring, mainiacjoe_overflow_tiny_flanked, serial_shops,
          nicolae_shop_hallway_plus, shop, nicolae_shop_waterfront,
          enter_ossuary_2, corexii_corridor_pit
D:7:      layout_cave_pools, gammafunk_ghost_cemetery,
          chequers_serial_rivers_micro_d, minmay_strange_pillars,
          nrook_campfire, sigmund_army
D:8:      layout_gridville, grunt_dithmenos_smoke, erik_lair_dragon,
          chequers_serial_rivers_room_b
Temple:   nicolae_temple_no_exploring_needed

Skill      XL: |  1  2  3  4  5  6  7  8  9 10 |
---------------+-------------------------------+-----
Fire Magic     | 4 5 6 7 |  7.7
Stealth        | 3 4 |  4.4
Conjurations   | 2 3 4 5 6 |  6.3
Spellcasting   | 3 4 5 6 7 |  7.0
Short Blades   | 1 2 3 |  3.1
Invocations    | 1 3 4 5 |  5.6
Dodging        | 3 |  3.2
Translocations | 2 3 |  3.2
Hexes          | 2 3 |  3.5
Air Magic      | 2 3 |  3.0
Fighting       | |  0.8
Poison Magic   | |  0.2
Evocations     | |  0.5

Action                   |  1- 3 |  4- 6 |  7- 9 | 10-12 || total
-------------------------+-------+-------+-------+-------++-------
Melee: Dagger            |     5 |    34 |    53 |     5 ||    97
       Tentacles         |     1 |     5 |    14 |     1 ||    21
       Constrict         |     3 |    10 |    13 |     2 ||    28
       Short sword       |     8 |     5 |       |       ||    13
       Punch             |       |       |     2 |       ||     2
 Cast: Foxfire           |    74 |   112 |   217 |    81 ||   484
       Scorch            |       |     5 |    39 |    16 ||    60
       Inner Flame       |       |       |    11 |     5 ||    16
       Kindle Blastspark |       |       |     6 |     1 ||     7
       Mephitic Cloud    |       |       |     6 |       ||     6
       Flame Wave        |       |       |     1 |     4 ||     5
Invok: Channel Magic     |       |       |     2 |       ||     2
Evoke: Wand              |       |       |     7 |       ||     7
  Use: Scroll            |     2 |    10 |     3 |     3 ||    18
       Potion            |       |     5 |       |     1 ||     6
 Stab: Sleeping          |     3 |     4 |     5 |       ||    12
       Invisible         |       |     1 |       |       ||     1
       Confused          |       |       |     1 |       ||     1
Armor: Skin              |     1 |    16 |    25 |     2 ||    44
Dodge: Dodged            |     7 |    18 |    60 |    16 ||   101

Table legend: (Time is in decaauts)
 A = Elapsed time spent in this place.
 B = Non-inter-level travel time spent in this place.
 C = Inter-level travel time spent in this place.
 D = Time resting spent in this place.
 E = Time spent auto-exploring this place.
 F = Levels seen in this place.
 G = Mean time per level.
                   A        B        C        D        E       F      G
               +--------+--------+--------+--------+--------+-----+--------+
         Total |  10102 |   9954 |    148 |    832 |   6683 |  10 | 1010.2 |
       Dungeon |   9307 |   9159 |    148 |    832 |   6067 |   8 | 1163.4 |
        Temple |     12 |     12 |      0 |      0 |      0 |   1 |   12.0 |
       Ossuary |    782 |    782 |      0 |      0 |    616 |   1 |  782.0 |
               +--------+--------+--------+--------+--------+-----+--------+

Top non-repeatable levels by time:
     D:7: 1539 daAuts
     D:5: 1346 daAuts
     D:4: 1341 daAuts
     D:3: 1261 daAuts
     D:1: 1215 daAuts
     D:6: 1208 daAuts
 Ossuary: 782 daAuts
     D:2: 758 daAuts
     D:8: 636 daAuts
  Temple: 12 daAuts
